 Dungeon Crawl Stone Soup version 0.21-a0-37-g7dc85f4 (webtiles) character file.

30276 Klosterheim the Destroyer (level 13, -2/86 HPs)
             Began as a Grey Draconian Conjurer on May 28, 2017.
             Was a High Priest of Sif Muna.
             Slain by a blink frog (13 damage)
             ... on level 5 of the Lair of Beasts.
             The game lasted 00:49:57 (21540 turns).

Klosterheim the Destroyer (DrCj)                   Turns: 21540, Time: 00:49:57

Health: -2/86      AC: 18    Str: 10    XL:     13   Next: 19%
Magic:  8/42       EV: 13    Int: 32    God:    Sif Muna [*****.]
Gold:   528        SH:  0    Dex: 11    Spells: 7/32 levels left

rFire    . . .     SeeInvis .   C - staff of power
rCold    . . .     Gourm    +   (no shield)
rNeg     . . .     Faith    .   (armour unavailable)
rPois    .         Spirit   .   l - +2 hat
rElec    .         Reflect  .   D - +2 cloak
rCorr    .         Harm     .   (no gloves)
MR       .....                  (no boots)
Stlth    ++........             W - amulet of the gourmand
Regen    0.3/turn               s - +6 ring of intelligence
MPRegen  0.3/turn               q - +4 ring of intelligence

@: about to teleport, very slightly contaminated, divine energy
A: walk through water, unfitting armour, unbreathing, cold-blooded, AC +13
a: Stop Divine Energy, Channel Magic, Forget Spell, Renounce Religion


You were on level 5 of the Lair of Beasts.
You worshipped Sif Muna.
Sif Muna was extremely pleased with you.
You were very hungry.

You visited 3 branches of the dungeon, and saw 18 of its levels.
You also visited: Volcano.

You collected 698 gold pieces.
You spent 170 gold pieces at shops.

Inventory:

Hand Weapons
 e - a +3 dagger of speed
Armour
 l - a +2 hat (worn)
 D - a +2 cloak (worn)
Magical Staves
 C - an uncursed staff of power (weapon)
Jewellery
 c - an uncursed ring of poison resistance
 q - a +4 ring of intelligence (right hand)
 s - a +6 ring of intelligence (left hand)
 v - an uncursed ring of protection from cold
 E - a +3 ring of dexterity
 L - a +3 ring of protection
 M - an uncursed ring of see invisible
 W - an amulet of the gourmand (around neck)
Wands
 m - a wand of disintegration (18/24)
 y - a wand of scattershot (3/9)
 J - a wand of confusion (19/48)
 X - a wand of acid (8/15)
Scrolls
 a - a scroll of brand weapon {unknown}
 f - 5 scrolls of remove curse
 h - 2 scrolls of amnesia
 i - 2 scrolls of immolation
 k - 2 scrolls of enchant armour
 o - a scroll of magic mapping {unknown}
 u - 6 scrolls of teleportation
 w - 2 scrolls of recharging
 N - 9 scrolls of identify
 T - 2 scrolls of fog
 U - a scroll of enchant weapon
Potions
 d - 2 potions of might
 j - 10 potions of curing
 n - a potion of mutation
 p - 3 potions of lignification
 r - 4 potions of flight
 t - 3 potions of brilliance
 x - a potion of magic
 z - a potion of berserk rage
 A - 5 potions of haste
 B - 2 potions of resistance
 Y - 2 potions of agility
Books
 I - Sif Muna's Compendium of Stones and Stolen Souls
   (Sif Muna gifted it to you on level 6 of the Lair of Beasts)

   Spells                             Type                      Level
   a - Sublimation of Blood           Necromancy                   2
   b - Passwall                       Transmutation/Earth          2
   c - Stone Arrow                    Conjuration/Earth            3
   d - Control Undead                 Necromancy                   4
   e - Petrify                        Transmutation/Earth          4
   f - Bolt of Draining               Conjuration/Necromancy       5
   g - Cigotuvi's Embrace             Necromancy                   5
   h - Lehudib's Crystal Spear        Conjuration/Earth            8
 S - a book of Power

   Spells                             Type                      Level
   a - Iskenderun's Battlesphere      Conjuration/Charms           5
   b - Venom Bolt                     Conjuration/Poison           5
   c - Bolt of Magma                  Conjuration/Fire/Earth       5
   d - Iron Shot                      Conjuration/Earth            6
   e - Orb of Destruction             Conjuration                  7
   f - Spellforged Servitor           Conjuration/Summoning        7
Miscellaneous
 K - a box of beasts
 O - a fan of gales
 Z - a sack of spiders
Comestibles
 b - 9 bread rations
 g - 10 royal jellies
 G - 7 meat rations
 H - 11 fruits


   Skills:
 - Level 4.1 Dodging
 - Level 1.7 Stealth
 - Level 10.0 Spellcasting
 - Level 14.7 Conjurations
 - Level 5.0 Hexes
 - Level 4.1 Charms
 + Level 10.8 Earth Magic
 - Level 6.2 Invocations


You had 7 spell levels left.
You knew the following spells:

 Your Spells              Type           Power        Failure   Level  Hunger
a - Magic Dart            Conj           ####         0%          1    None
b - Searing Ray           Conj           ######       0%          2    None
c - Dazzling Spray        Conj/Hex       ######       1%          3    None
d - Iskenderun's Mystic   Conj           #######.     1%          4    None
e - Fulminant Prism       Conj/Hex       ######....   1%          4    None
f - Iskenderun's Battles  Conj/Chrm      ######..     1%          5    ###....
g - Iron Shot             Conj/Erth      #######...   2%          6    #####..


Dungeon Overview and Level Annotations

Branches:
Dungeon (11/15)            Temple (1/1) D:7            Lair (6/6) D:8
 Shoals (0/4) Lair:2        Snake (0/4) Lair:3          Orc (0/2) D:10
  Slime: Lair:5-6

Altars:
Ashenzari
Cheibriados
Dithmenos
Elyvilon
Fedhas
Kikubaaqudgha
Makhleb
Nemelex Xobeh
Okawaru
Qazlal
Ru
Sif Muna
Trog
Uskayaw
Vehumet
Wu Jian
Xom
Yredelemnul
Zin
The Shining One

Shops:
D:6 *?!   D:10 [


Innate Abilities, Weirdness & Mutations

You can walk through water.
Your dull iron-grey scales are very hard. (AC +13)
You cannot fit into any form of body armour.
You can survive without breathing.
You are cold-blooded and may be slowed by cold attacks.


Message History

The black mamba bites your battlesphere!
You climb upwards.
Your battlesphere wavers and loses cohesion.
The blink frog closely misses you.
The blink frog blinks!
The blink frog barely misses you.
The blink frog blinks!
The blink frog hits you.
* * * LOW HITPOINT WARNING * * *
There is a stone staircase leading down here.
Casting: Iskenderun's Mystic Blast
Confirm with . or Enter, or press ? or * to list all spells.
Okay, then.
As you read the scroll of teleportation, it crumbles to dust.
You feel strangely unstable. The blink frog misses you.
The blink frog barely misses you. The blink frog misses you.
The blink frog blinks!
You feel better. The blink frog closely misses you. x2
The blink frog hits you.
* * * LOW HITPOINT WARNING * * *
The blink frog blinks!
The blink frog hits you!
You die...

#.........### ##..P##).
#...........####....#.#.
#..#.#..#..###.##.....#.
#..#.....#.#..##.P......
##...................<...
#.#...†.....P.P.#......##
##....>.....#..######..##
#...F.F§.#....# #...#
##...##F@.#....# ##..##
#.......F......# #....#
#♣♣............## #P..##
♣≈♣....P#..###.## ##..#.
##♣♣≈.......#.# #..#
##.... #≈≈≈≈≈.....####
#.## ##.....
#♣≈≈≈.....P### #..#
#.....P
♣≈≈≈........####..#
#......
#≈♣≈P...#...P.....#
#......


You could see 4 blink frogs.

Vanquished Creatures
  2 hydras
  A queen ant (Lair:1)
  3 death yaks
  Sonja (Lair:1)
  An ugly thing (D:10)
  An oklob plant (Lair:5)
  A manticore (Lair:2)
  5 black mambas
  10 spiny frogs
  A molten gargoyle (Lair:2)
  Psyche (D:8)
  6 rime drakes
  An efreet (Volcano)
  3 komodo dragons
  3 polar bears (Lair:3)
  13 blink frogs
  9 hippogriffs
  Sigmund (D:2)
  2 wyverns
  9 yaks
  A wraith (D:10)
  A basilisk (Lair:6)
  A fire elemental (Volcano)
  Eustachio (D:4)
  Grum (Lair:1)
  A hungry ghost (D:7)
  A vampire mosquito (Lair:6)
  2 nagas (Lair:3)
  3 soldier ants (Lair:2)
  9 water moccasins
  11 porcupines
  9 orc warriors
  2 ice beasts
  A necrophage (D:7)
  A sky beast (D:6)
  3 black bears
  6 ogres
  3 phantoms
  2 centaurs (D:9)
  7 crocodiles
  6 wolves (Lair:1)
  A big kobold (D:7)
  13 bullfrogs
  A wyvern zombie (D:10)
  5 scorpions
  18 killer bees
  2 electric eels
  7 wights (D:10)
  5 crimson imps
  2 jellies (D:10)
  3 hounds
  2 bullfrog skeletons
  6 orc priests
  7 orc wizards
  Crazy Yiuf (D:5)
  A centaur skeleton (D:7)
  2 iguanas
  Natasha (D:2)
  24 worker ants
  2 hound skeletons
  A worker ant zombie (D:8)
  A howler monkey skeleton (D:9)
  6 adders
  2 shadow imps
  An adder zombie (D:7)
  2 adder skeletons
  3 worms (D:2)
  3 dart slugs
  7 leopard geckos
  35 orcs
  2 ball pythons
  2 giant cockroaches
  7 goblins
  6 hobgoblins
  18 jackals
  9 kobolds
  2 quokkas
  8 bats
  9 frilled lizards
  7 rats
  A spectral orc (D:5)
  2 bushes (Lair:5)
  3 fungi (Lair:5)
  5 plants
391 creatures vanquished.

Vanquished Creatures (others)
  A hound zombie (D:9)
  35 fulminant prisms
  11 fungi
  52 plants
99 creatures vanquished.

Grand Total: 490 creatures vanquished

Notes
Turn   | Place    | Note
-------+----------+-------------------------------------------
     0 | D:1      | Klosterheim the Draconian Conjurer began the quest for the Orb.
     0 | D:1      | Reached XP level 1. HP: 14/14 MP: 3/3
   194 | D:1      | Reached XP level 2. HP: 19/20 MP: 1/5
   951 | D:2      | Reached XP level 3. HP: 26/26 MP: 0/6
  1151 | D:2      | Noticed Sigmund
  1183 | D:2      | Killed Sigmund
  1183 | D:2      | Reached skill level 6 in Conjurations
  1183 | D:2      | Reached XP level 4. HP: 15/33 MP: 0/9
  1183 | D:2      | Reached XP level 5. HP: 17/38 MP: 0/10
  1449 | D:2      | Learned a level 2 spell: Searing Ray
  1763 | D:2      | Noticed Natasha
  1766 | D:2      | Killed Natasha
  1974 | D:2      | Found a bloodstained altar of Trog.
  2049 | D:2      | Reached XP level 6. HP: 45/45 MP: 6/11
  2170 | D:3      | Learned a level 3 spell: Dazzling Spray
  2702 | D:3      | Found an iron altar of Okawaru.
  2854 | D:3      | Learned a level 4 spell: Iskenderun's Mystic Blast
  3255 | D:4      | Reached skill level 7 in Conjurations
  3627 | D:4      | Your scales start taking on a dull iron-grey colour.
  3627 | D:4      | Reached XP level 7. HP: 48/50 MP: 2/13
  3627 | D:4      | Gained mutation: You can survive without breathing. [Grey Draconian growth]
  3992 | D:4      | Noticed Eustachio
  4162 | D:4      | Killed Eustachio
  4162 | D:4      | Reached skill level 8 in Conjurations
  4353 | D:4      | Found a glowing golden altar of the Shining One.
  4355 | D:4      | Found an iron altar of Okawaru.
  4443 | D:5      | Entered Level 5 of the Dungeon
  4585 | D:5      | Reached skill level 1 in Hexes
  5081 | D:5      | Found a runed door.
  5612 | D:5      | Found a basalt altar of Yredelemnul.
  5648 | D:5      | Reached XP level 8. HP: 57/57 MP: 5/15
  5828 | D:5      | Noticed Crazy Yiuf
  5831 | D:5      | Killed Crazy Yiuf
  5831 | D:5      | Reached skill level 5 in Spellcasting
  6338 | D:6      | Got a colourful robe
  6385 | D:6      | Reached skill level 9 in Conjurations
  6701 | D:6      | Found Humpoll's General Store.
  6924 | D:6      | Found Toguck Tuku's Magic Scroll Shop.
  6930 | D:6      | Bought a scroll of blinking for 82 gold pieces
  6930 | D:6      | Bought a scroll of teleportation for 33 gold pieces
  7045 | D:6      | Found Zillifin's Distillery.
  7049 | D:6      | Bought a potion of heal wounds for 55 gold pieces
  7308 | D:7      | Found a sparkling altar of Nemelex Xobeh.
  7317 | D:7      | Found a stormy altar of Qazlal.
  7318 | D:7      | Found a sacrificial altar of Ru.
  7692 | D:7      | Found a staircase to the Ecumenical Temple.
  7716 | Temple   | Entered the Ecumenical Temple
  7737 | Temple   | Became a worshipper of Sif Muna the Loreminder
  7762 | D:7      | Reached skill level 10 in Conjurations
  7762 | D:7      | Reached XP level 9. HP: 62/62 MP: 0/18
  8375 | D:7      | Reached * piety under Sif Muna
  8556 | D:7      | Learned a level 4 spell: Fulminant Prism
  8996 | D:8      | Noticed Psyche
  9007 | D:8      | Killed Psyche
  9007 | D:8      | Reached skill level 11 in Conjurations
  9414 | D:8      | Reached skill level 5 in Hexes
  9416 | D:8      | Found a staircase to the Lair.
  9423 | Lair:1   | Entered Level 1 of the Lair of Beasts
  9424 | Lair:1   | Reached ** piety under Sif Muna
  9426 | Lair:1   | Noticed a black mamba
  9429 | Lair:1   | Killed a black mamba
  9429 | Lair:1   | Reached XP level 10. HP: 69/69 MP: 13/20
 10191 | D:9      | Reached skill level 12 in Conjurations
 10486 | D:9      | Reached *** piety under Sif Muna
 11318 | D:9      | Found a radiant altar of Vehumet.
 11456 | D:10     | Entered Level 10 of the Dungeon
 11456 | D:10     | Found Oquo's Armour Boutique.
 11784 | D:9      | Reached skill level 13 in Conjurations
 11941 | D:10     | Found a staircase to the Orcish Mines.
 11993 | D:10     | You fall through a shaft!
 11993 | D:11     | Noticed a red ugly thing
 12004 | D:10     | Killed a red ugly thing
 12349 | D:10     | Reached XP level 11. HP: 74/74 MP: 23/23
 12547 | D:10     | Reached **** piety under Sif Muna
 13145 | Lair:1   | Noticed Grum
 13153 | Lair:1   | Killed Grum
 13394 | Lair:1   | Noticed Sonja
 13578 | Lair:1   | Killed Sonja
 13578 | Lair:1   | Reached skill level 1 in Invocations
 13797 | Lair:1   | Noticed a seven-headed hydra
 13800 | Lair:1   | Killed a seven-headed hydra
 14196 | Lair:1   | Reached skill level 14 in Conjurations
 14359 | Lair:2   | Found a dark tunnel.
 14416 | Volcano  | Entered a volcano
 14682 | Lair:2   | Found a staircase to the Shoals.
 15322 | Lair:2   | Noticed a queen ant
 15699 | Lair:1   | Killed a queen ant
 15699 | Lair:1   | Reached skill level 5 in Invocations
 15699 | Lair:1   | Reached XP level 12. HP: 67/81 MP: 0/25
 16418 | Lair:2   | Reached ***** piety under Sif Muna
 16741 | Lair:3   | Received a gift from Sif Muna
 16751 | Lair:3   | Learned a level 5 spell: Iskenderun's Battlesphere
 16758 | Lair:3   | Learned a level 6 spell: Iron Shot
 16806 | Lair:3   | Reached skill level 1 in Charms
 16806 | Lair:3   | Reached skill level 1 in Earth Magic
 17470 | Lair:3   | Found a staircase to the Snake Pit.
 18352 | Lair:4   | Reached skill level 10 in Spellcasting
 18907 | Lair:4   | Reached skill level 5 in Earth Magic
 19392 | Lair:5   | Noticed a death yak
 19392 | Lair:5   | Noticed a death yak
 19396 | Lair:5   | Noticed a death yak
 19498 | Lair:5   | Killed a death yak
 19508 | Lair:4   | Killed a death yak
 19639 | Lair:5   | Killed a death yak
 19961 | Lair:5   | Noticed a four-headed hydra
 19966 | Lair:5   | Killed a four-headed hydra
 20292 | Lair:5   | Found a blossoming altar of Fedhas.
 20604 | Lair:5   | Reached XP level 13. HP: 81/86 MP: 22/27
 20987 | Lair:6   | Entered Level 6 of the Lair of Beasts
 21393 | Lair:6   | Reached skill level 10 in Earth Magic
 21446 | Lair:6   | Identified Sif Muna's Compendium of Stones and Stolen Souls (Sif Muna gifted it to you on level 6 of the Lair of Beasts)
 21446 | Lair:6   | Received a gift from Sif Muna
 21536 | Lair:5   | HP: 2/86 [blink frog (4)]
 21540 | Lair:5   | Slain by a blink frog

Vault maps used:
D:1:      sevenhm_arrival_forest_fort_large_2, hangedman_decor_riveting
D:2:      lightli_temple_of_fire, uniq_natasha, uniq_sigmund
D:3:      serial_glass, glass_columns_b, glass_columns_a, first_bread,
          kennysheep_okawaru_gauntlet
D:4:      grunt_temple_overflow_open, uniq_eustachio
D:5:      yredelemnul_forgotten_temple_becter, minmay_misc_feat_alley,
          kennysheep_generic_room_7, uniq_crazy_yiuf_cottage
D:6:      serial_shops, shop, shop, shop
D:7:      minitemple, minmay_temple_entry_hall, grunt_ogre_cave
D:8:      grunt_lair_entry_orc_guard_hut, uniq_psyche
D:9:      fiery_altar_vehumet, serial_bayou_ford_a
D:10:     kennysheep_spiral_hall, orc_david_3, hangedman_glass_teeth
D:11:     uniq_harold
Temple:   eino_temple_lava
Lair:1:   grunt_megastairs_1, serial_bayou_shore_b, serial_bayou_shore_a,
          uniq_grum, uniq_sonja
Lair:2:   minmay_shoals_entry_beasts, lightli_volcano_entry_magma_tube,
          minmay_another_anthill
Lair:3:   guppyfry_snake_entry_island, cheibrodos_lair_lostbears
Lair:4:   minmay_lair_drake_nest
Lair:5:   st_stairs_3, tgw_fedhas, serial_bayou_shore_b
Lair:6:   minmay_lair_end_frog_pond, slime_altar_2, uniq_snorg
Volcano:  volcano_aerie

Skill      XL: |  1  2  3  4  5  6  7  8  9 10 11 12 13 |
---------------+----------------------------------------+-----
Spellcasting   | 3 4 6 7 8 9 10 | 10.0
Conjurations   | 6 7 8 10 11 13 14 | 14.7
Hexes          | 1 3 5 |  5.0
Dodging        | 3 4 |  4.1
Invocations    | 5 6 |  6.2
Charms         | 4 |  4.1
Earth Magic    | 9 10 | 10.8
Stealth        | |  1.7

Action                   |  1- 3 |  4- 6 |  7- 9 | 10-12 | 13-15 || total
-------------------------+-------+-------+-------+-------+-------++-------
Melee: Dagger            |    43 |    29 |   104 |       |       ||   176
       Tailslap          |     9 |     1 |     9 |     9 |       ||    28
       Staff             |       |       |     2 |    45 |     1 ||    48
 Cast: Magic Dart        |    47 |    86 |   182 |   316 |    15 ||   646
       Searing Ray       |       |     9 |       |       |       ||     9
       Iskenderun's Myst |       |     7 |    65 |   247 |    23 ||   342
       Dazzling Spray    |       |     1 |     6 |     7 |       ||    14
       Fulminant Prism   |       |       |     4 |    30 |     1 ||    35
       Iskenderun's Batt |       |       |       |    22 |     5 ||    27
       Iron Shot         |       |       |       |     7 |     2 ||     9
Invok: Divine Energy     |       |       |     1 |     1 |       ||     2
       Stop Divine Energ |       |       |       |     1 |       ||     1
Evoke: Wand              |       |       |       |     1 |       ||     1
  Use: Scroll            |     3 |       |    10 |    11 |     4 ||    28
       Potion            |     2 |       |     2 |     1 |     2 ||     7
 Stab: Distracted        |       |       |     1 |       |       ||     1
  Eat: Chunk             |     1 |     9 |    24 |    47 |       ||    81
       Fruit             |       |       |     1 |     2 |       ||     3
       Bread ration      |       |       |       |     1 |       ||     1
Armor: Skin              |     2 |    11 |    62 |   129 |    32 ||   236
Dodge: Dodged            |    20 |    31 |    63 |   162 |    23 ||   299
